 Dungeon Crawl Stone Soup version 0.23-a0-494-g91793a9 (webtiles) character file.

139375 kirsaniumCosplay the Convoker (level 16, -2/158 HPs)
             Began as an Ogre Summoner on Dec 3, 2018.
             Was a High Priest of Hepliaklqana.
             Slain by a wolf spider (6 damage)
             ... on level 2 of the Spider Nest on Dec 4, 2018.
             The game lasted 02:50:01 (53264 turns).

kirsaniumCosplay the Convoker (Ogre Summoner)      Turns: 53264, Time: 02:50:03

Health: -2/158     AC: 11    Str: 14 (16) XL:     16   Next: 98%
Magic:  22/42      EV:  9    Int: 20 (21) God:    Hepliaklqana [*****.]
Gold:   3173       SH:  0    Dex:  7 (9)  Spells: 9/41 levels left

rFire    . . .     SeeInvis .   (no weapon)
rCold    . . .     Gourm    .   (no shield)
rNeg     . . .     Faith    .   s - +0 swamp dragon scales
rPois    +         Spirit   .   (helmet restricted)
rElec    .         Reflect  .   O - +2 cloak
rCorr    .         Harm     .   (gloves unavailable)
MR       ++...                  (boots unavailable)
Stlth    +.........             u - amulet of the acrobat
HPRegen  0.36/turn              j - ring of magical power
MPRegen  0.28/turn              L - ring of protection from magic

@: very slightly contaminated, studying Ice Magic
A: large, unfitting armour, reduced essence, tough skin 1
}: 1/15 runes: decaying
a: Recall Ancestor, Ancestor Identity, Transference, Idealise, Renounce Religion


You were on level 2 of the Spider Nest.
You worshipped Hepliaklqana.
Hepliaklqana was extremely pleased with you.
You were not hungry.

You visited 5 branches of the dungeon, and saw 30 of its levels.
You also visited: Labyrinth and Ice Cave.

You collected 3633 gold pieces.
You spent 460 gold pieces at shops.

Inventory:

Missiles
 K - 4 throwing nets (quivered)
Armour
 s - +0 swamp dragon scales (worn)
 F - a +2 robe of magic resistance
 O - a +2 cloak (worn)
Jewellery
 j - a ring of magical power (left hand)
 n - an uncursed ring of protection from cold
 r - a +3 ring of evasion
 u - an amulet of the acrobat (around neck)
 w - an uncursed ring of flight
 A - an uncursed ring of wizardry
 J - an uncursed ring of stealth
 L - a ring of protection from magic (right hand)
 U - an uncursed ring of poison resistance
 W - an uncursed ring of fire
Wands
 o - a wand of digging (4)
 t - a wand of acid (20)
 y - a wand of enslavement (39)
 I - a wand of paralysis (9)
 Q - a wand of flame (33)
 R - a wand of clouds (3)
 V - a wand of disintegration (41)
Scrolls
 a - a scroll of fog
 b - 5 scrolls of immolation
 e - 3 scrolls of blinking
 k - 5 scrolls of fear
 l - 17 scrolls of remove curse
 p - a scroll of identify
 q - 14 scrolls of teleportation
 C - 2 scrolls of summoning
 E - 6 scrolls of magic mapping
 M - a scroll of brand weapon {!w}
 T - 5 scrolls of amnesia
Potions
 d - 5 potions of brilliance
 f - 3 potions of flight
 i - 4 potions of cancellation
 m - 5 potions of lignification
 v - 7 potions of mutation
 x - 10 potions of agility
 z - a potion of resistance
 B - 5 potions of haste
 D - 3 potions of heal wounds
 G - a potion of ambrosia
 H - 13 potions of curing
 N - 2 potions of magic
 P - 5 potions of might
 Y - 3 potions of berserk rage
Books
 X - a manual of Ice Magic
Miscellaneous
 g - 2 boxes of beasts
 h - a lamp of fire
 S - a fan of gales
 Z - a phial of floods
Comestibles
 c - 28 rations


   Skills:
 - Level 15.0 Fighting
 - Level 4.5 Dodging
 - Level 1.4 Stealth
 - Level 13.0 Spellcasting
 - Level 7.0 Hexes
 - Level 16.0 Summonings
 - Level 10.0 Ice Magic
 - Level 5.0 Air Magic
 - Level 10.0 Invocations
 + Level 6.5 Evocations


You had 9 spell levels left.
You knew the following spells:

 Your Spells              Type           Power        Failure   Level  Hunger
a - Summon Small Mammal   Summ           ####         0%          1    None
b - Call Imp              Summ           ######..     1%          2    None
c - Call Canine Familiar  Summ           ######..     1%          3    None
d - Summon Lightning Spi  Summ/Air       ######..     1%          4    None
e - Summon Ice Beast      Ice/Summ       ######..     1%          4    None
f - Ozocubu's Armour      Chrm/Ice       ####....     4%          3    None
g - Summon Butterflies    Summ           ######..     0%          1    None
h - Summon Mana Viper     Hex/Summ       ######..     2%          5    ####...
i - Summon Hydra          Summ           ######....   12%         7    #######
j - Blink                 Tloc           N/A          16%         2    None

Your spell library contained the following spells:

 Spells                   Type           Power        Failure   Level  Hunger
 Freeze                   Ice            ####         1%          1    None
 Slow                     Hex            #####...     1%          2    None
 Throw Frost              Conj/Ice       ####..       1%          2    None
 Recall                   Summ/Tloc      N/A          1%          3    None
 Summon Guardian Golem    Hex/Summ       ######..     1%          3    None
 Poisonous Vapours        Pois/Air       ###...       5%          2    None
 Dazzling Spray           Conj/Hex       ####..       8%          3    None
 Magic Dart               Conj           ##..         11%         1    None
 Sting                    Conj/Pois      ##..         11%         1    None
 Static Discharge         Conj/Air       ###.....     11%         3    None
 Throw Icicle             Conj/Ice       ####....     13%         4    None
 Searing Ray              Conj           ##....       16%         2    None
 Sublimation of Blood     Necr           ##........   16%         2    None
 Mephitic Cloud           Conj/Pois/Air  ###.....     16%         3    None
 Fulminant Prism          Conj/Hex       ####......   24%         4    None
 Conjure Flame            Conj/Fire      ##......     30%         3    None
 Ignite Poison            Fire/Tmut/Pois ##......     30%         3    None
 Animate Dead             Necr           N/A          71%         4    None
 Force Lance              Conj/Tloc      ##......     71%         4    None
 Iskenderun's Mystic Bla  Conj           ##......     71%         4    None
 Olgreb's Toxic Radiance  Pois           ##......     71%         4    None
 Petrify                  Tmut/Erth      ##......     71%         4    None
 Lightning Bolt           Conj/Air       ###.......   71%         5    ####...
 Freezing Cloud           Conj/Ice/Air   ####......   90%         6    #####..
 Simulacrum               Ice/Necr       ####......   90%         6    #####..
 Alistair's Intoxication  Tmut/Pois      ##......     96%         5    ####...
 Borgnjor's Vile Clutch   Necr/Erth      ##........   96%         5    ####...
 Irradiate                Conj/Tmut      ##........   96%         5    ####...
 Venom Bolt               Conj/Pois      ##........   96%         5    ####...
 Death Channel            Necr           ##........   100%        6    #####..
 Ring of Flames           Chrm/Fire      ##........   100%        7    #######
 Ignition                 Fire           ##........   100%        8    #######
 Shatter                  Erth           ##........   100%        9    #######
 Tornado                  Air            ####......   100%        9    #######


Dungeon Overview and Level Annotations

Branches:
Dungeon (15/15)            Temple (0/1) D:7            Lair (6/6) D:8
  Swamp (4/4) Lair:3       Spider (3/4) Lair:4        Slime (0/5) Lair:6
    Orc (2/2) D:12            Elf (0/3) Orc:2        Vaults (0/5) D:14
 Depths (0/5) D:15

Altars:
Ashenzari
Cheibriados
Dithmenos
Hepliaklqana
Okawaru
Ru
Sif Muna
Uskayaw
Wu Jian
Yredelemnul
The Shining One

Shops:
D:5 }   D:6 [   D:8 *   Orc:2 *%*(

Portals:
Trove: D:14 (give +5 demon whip)

Annotations:
D:4 1 runed door, mhoghedin's ghost, amateur KoAr
Spider:3 Louise


Innate Abilities, Weirdness & Mutations

You are too large for most types of armour.
You have tough skin. (AC +1)
Your life essence is reduced to manifest your ancestor. (-10% HP)


Message History

The wolf spider bites you.
* * * LOW HITPOINT WARNING * * *
The jumping spider pounces on something!!
The jumping spider bites something but does no damage.
The wolf spider hits you.
* * * LOW HITPOINT WARNING * * *
The wolf spider closely misses you. The wolf spider hits you!
* * * LOW HITPOINT WARNING * * *
The wolf spider bites you.
* * * LOW HITPOINT WARNING * * *
The jumping spider pounces on something!
The jumping spider barely misses something.
Unknown command.
Casting: Summon Lightning Spire (safe; 1% risk of failure)
Confirm with . or Enter, or press ? or * to list all spells.
You miscast Blink.
You catch a glimpse of the back of your own head.
The wolf spider hits you but does no damage.
The wolf spider bites you.
You die...

##≈#....#........
##≈.....}.........
##≈#....#..........
##^#......#.........
##^..................
#.#..##..............
##...................
##s#s......≈≈#^.....
##@#8.....#........
#≈..s.....#.......
##......^.........
##...............
###.............
#≈............
#≈≈≈#.........
##≈###.#...... ###
###..^...


You could see 2 wolf spiders and a jumping spider.

Vanquished Creatures
  Frances (D:13)
  2 entropy weavers (Spider:1)
  A catoblepas (Lair:6)
  A death yak (Lair:6)
  A freezing wraith (D:14)
  A minotaur skeleton (Lab)
  A porcupine (Lair:2)
  An ogre (Orc:1)
  A centaur (D:4)
  A wight (D:9)
  A hound (D:5)
  An adder (D:9)
  A worm (D:3)
  A dart slug (D:1)
  A leopard gecko (D:1)
  2 orcs
  A ball python (D:1)
  3 bats (D:1)
  A giant cockroach (D:1)
  5 goblins
  2 jackals (D:5)
  2 kobolds (D:1)
  4 quokkas
  2 frilled lizards
  10 rats
  A bush (Lair:6)
49 creatures vanquished.

Vanquished Creatures (collateral kills)
  the Lernaean hydra (Swamp:4)
  3 thorn hunters
  Kirke (D:12)
  A ghost moth (Spider:3)
  An orc warlord (Orc:2)
  2 emperor scorpions (Spider:1)
  2 very ugly things
  3 entropy weavers
  Nessos (Lair:5)
  A dire elephant (Lair:6)
  A minotaur (Lab)
  Fannar (Lair:1)
  17 hydras
  A hydra (shapeshifter) (D:14)
  2 ogre magi (Orc:2)
  4 vault guards (D:14)
  A ghost crab (Swamp:1)
  A centaur warrior (D:14)
  A death knight (D:15)
  3 shambling mangroves
  15 two-headed ogres
  Erica (D:9)
  17 alligators
  3 tengu warriors
  8 death yaks
  A deep troll shaman (Lair:6)
  3 skeletal warriors (D:13)
  A spriggan druid (Swamp:3)
  2 deep trolls
  A wizard (D:15)
  10 swamp dragons
  An orc knight (D:14)
  A wolf spider zombie (D:14)
  18 ugly things
  2 orb spiders
  A deep elf mage (D:14)
  14 wolf spiders
  3 cyclopes
  6 oklob plants
  2 manticores
  2 moths of wrath (Spider:1)
  3 centaur zombies
  16 elephants
  A torpor snail (Lair:6)
  A black mamba (Lair:6)
  Maurice (Orc:1)
  3 ice statues (IceCv)
  3 rime drakes (Lair:4)
  16 spiny frogs
  An efreet (D:14)
  A kobold demonologist (D:14)
  A freezing wraith (D:14)
  5 demonic crawlers (Spider:1)
  10 komodo dragons
  A tengu conjurer (D:13)
  A troll (shapeshifter) (D:15)
  3 meliai (D:14)
  16 jumping spiders
  2 polar bears
  A harpy zombie (D:14)
  8 trolls
  A queen bee (D:10)
  22 hornets
  9 tyrant leeches
  29 slime creatures
  17 bog bodies
  13 blink frogs
  14 hippogriffs
  3 shadows
  29 redbacks
  13 spriggans
  Sigmund (D:2)
  2 vampires
  10 tarantellas
  A wyvern (shapeshifter) (D:15)
  9 wyverns
  38 yaks
  Grum (D:8)
  7 hungry ghosts
  32 vampire mosquitoes
  7 basilisks
  22 insubstantial wisps
  A naga (shapeshifter) (D:15)
  12 swamp worms
  7 wargs
  12 porcupines
  10 water moccasins
  7 sky beasts
  11 swamp drakes
  19 orc warriors
  4 black bears
  2 black bears (shapeshifter) (D:15)
  9 ice beasts
  3 phantoms
  3 boggarts (D:15)
  A necrophage (D:4)
  24 ogres
  7 wolves (Lair:6)
  7 centaurs (D:14)
  5 big kobolds
  8 crocodiles
  Blork the orc (D:6)
  19 bullfrogs
  A gnoll sergeant (D:8)
  A wyvern zombie (D:9)
  A water moccasin zombie (D:7)
  A wyvern skeleton (D:14)
  4 scorpions
  A troll zombie (D:12)
  38 killer bees
  9 wights
  An electric eel (Spider:2)
  4 howler monkeys
  5 crimson imps
  2 quasits
  3 bullfrog zombies
  9 orc priests
  13 hounds
  7 jellies
  2 gnoll shamans (D:8)
  5 centaur skeletons
  4 bullfrog skeletons
  4 iguanas
  23 orc wizards
  14 worker ants
  7 ogre zombies (D:12)
  3 hound skeletons
  A worker ant zombie (D:5)
  12 adders
  19 gnolls
  A river rat (D:8)
  3 shadow imps
  An ooze (D:5)
  An adder zombie (D:9)
  2 adder skeletons
  6 worms
  A dart slug (D:2)
  6 leopard geckos
  72 orcs
  2 ball pythons (D:2)
  4 giant cockroaches
  5 goblins
  5 hobgoblins
  22 jackals
  18 kobolds
  8 quokkas
  4 bats
  3 frilled lizards
  4 goblin skeletons (D:12)
  3 goblin zombies (D:12)
  A hobgoblin skeleton (D:12)
  2 leopard gecko skeletons
  2 orc skeletons (D:12)
  11 orc zombies (D:12)
  A quokka zombie (D:8)
  3 rats
  2 fungi
  8 plants
1101 creatures vanquished.

Vanquished Creatures (others)
  4 humans (D:12)
  27 knights
  2 ancestors
  2 goblin zombies (D:12)
  3 kobolds (D:12)
  An orc skeleton (D:12)
  An orc zombie (D:12)
  A bush (Lair:5)
  14 fungi
  6 plants
61 creatures vanquished.

Grand Total: 1211 creatures vanquished

Notes
Turn   | Place    | Note
-------+----------+-------------------------------------------
     0 | D:1      | kirsaniumCosplay the Ogre Summoner began the quest for the
                  | Orb.
     0 | D:1      | Reached XP level 1. HP: 16/16 MP: 3/3
   526 | D:1      | Reached XP level 2. HP: 22/26 MP: 5/5
   692 | D:1      | Reached skill level 1 in Fighting
  1042 | D:1      | Learned a level 2 spell: Call Imp
  1111 | D:1      | Reached skill level 4 in Summonings
  1665 | D:1      | Reached XP level 3. HP: 32/33 MP: 7/7
  2235 | D:2      | Noticed Sigmund
  2244 | D:2      | Killed Sigmund
  2244 | D:2      | Reached XP level 4. HP: 25/44 MP: 0/9
  2589 | D:2      | Learned a level 3 spell: Call Canine Familiar
  2629 | D:2      | Found a hazy altar of Hepliaklqana.
  2639 | D:2      | Became a worshipper of Hepliaklqana the Forgotten
  2685 | D:2      | Reached XP level 5. HP: 41/45 MP: 10/10
  2749 | D:2      | Noticed a phantom
  2781 | D:2      | Killed a phantom
  2781 | D:2      | Reached skill level 5 in Summonings
  3017 | D:2      | Learned a level 4 spell: Summon Lightning Spire
  3797 | D:3      | Reached * piety under Hepliaklqana
  3846 | D:3      | Reached XP level 6. HP: 54/54 MP: 11/11
  3950 | D:3      | Reached skill level 1 in Air Magic
  4369 | D:3      | Found an ornate altar of the Wu Jian Council.
  4371 | D:3      | Found a hide-covered altar of Uskayaw.
  5274 | D:4      | Noticed a necrophage
  5281 | D:4      | Killed a necrophage
  5281 | D:4      | Reached XP level 7. HP: 61/61 MP: 13/13
  5313 | D:4      | Found a runed door.
  5334 | D:4      | Noticed mhoghedin's ghost (amateur KoAr)
  5590 | D:4      | Learned a level 4 spell: Summon Ice Beast
  5591 | D:5      | Entered Level 5 of the Dungeon
  6035 | D:5      | Reached ** piety under Hepliaklqana
  6036 | D:5      | Remembered your ancestor VityaAK as a knight
  6091 | D:5      | Found Hitoxt's Gadget Emporium.
  6104 | D:5      | Bought a wand of acid (6) for 280 gold pieces
  6358 | D:5      | You fall through a shaft!
  6362 | D:6      | Found a deep blue altar of Sif Muna.
  6449 | D:6      | Reached skill level 6 in Summonings
  6464 | D:6      | Found Emid's Armour Shop.
  6606 | D:6      | Noticed Blork the orc
  6630 | D:6      | Killed Blork the orc
  6858 | D:6      | Reached XP level 8. HP: 71/71 MP: 15/15
  6949 | D:6      | Reached skill level 5 in Fighting
  6949 | D:6      | Reached skill level 5 in Spellcasting
  7469 | D:7      | Noticed a hippogriff
  7478 | D:7      | Killed a hippogriff
  7608 | D:7      | Reached skill level 7 in Summonings
  7854 | D:7      | Reached skill level 5 in Air Magic
  7854 | D:7      | Reached XP level 9. HP: 80/80 MP: 7/17
  8095 | D:7      | Found a shadowy altar of Dithmenos.
  8285 | D:7      | Found a staircase to the Ecumenical Temple.
  8285 | D:7      | Reached *** piety under Hepliaklqana
  9260 | D:7      | Reached skill level 1 in Ice Magic
  9363 | D:8      | Noticed a two-headed ogre
  9374 | D:8      | Killed a two-headed ogre
  9374 | D:8      | Reached skill level 8 in Summonings
  9829 | D:8      | Reached XP level 10. HP: 91/91 MP: 3/20
 10171 | D:8      | Noticed a two-headed ogre
 10179 | D:8      | Killed a two-headed ogre
 10251 | D:8      | Found a staircase to the Lair.
 10253 | D:8      | Noticed a death yak
 10253 | D:8      | Noticed a death yak
 10258 | D:8      | Noticed a death yak
 10491 | D:8      | Noticed Grum
 10499 | D:8      | Killed Grum
 10619 | D:8      | Found an iron altar of Okawaru.
 10706 | D:8      | Found Limigua's Assorted Antiques.
 10815 | D:8      | Killed a death yak
 10815 | D:8      | Reached skill level 9 in Summonings
 10836 | D:8      | Killed a death yak
 10839 | D:8      | Killed a death yak
 10839 | D:8      | Reached skill level 5 in Ice Magic
 11343 | D:9      | Found a basalt altar of Yredelemnul.
 11343 | D:9      | Found a snail-covered altar of Cheibriados.
 11345 | D:9      | Found a glowing golden altar of the Shining One.
 11540 | D:9      | Noticed Erica
 11547 | D:9      | Killed Erica
 11677 | D:9      | Found a sacrificial altar of Ru.
 12186 | D:10     | Entered Level 10 of the Dungeon
 12265 | D:10     | Reached skill level 10 in Summonings
 12458 | D:10     | Reached XP level 11. HP: 103/103 MP: 18/23
 13237 | D:10     | Reached **** piety under Hepliaklqana
 13301 | Lair:1   | Entered Level 1 of the Lair of Beasts
 13547 | Lair:1   | Noticed a six-headed hydra
 13556 | Lair:1   | Killed a six-headed hydra
 13556 | Lair:1   | Reached skill level 10 in Fighting
 13994 | Lair:1   | Noticed Fannar
 14025 | Lair:1   | Killed Fannar
 14290 | Lair:1   | Reached skill level 11 in Summonings
 14370 | Lair:1   | Learned a level 3 spell: Ozocubu's Armour
 14799 | Lair:2   | Noticed an oklob plant
 14799 | Lair:2   | Noticed an oklob plant
 14807 | Lair:2   | Reached skill level 1 in Evocations
 14834 | Lair:2   | Killed an oklob plant
 14837 | Lair:2   | Killed an oklob plant
 14842 | Lair:2   | Killed an oklob plant
 15890 | Lair:2   | Learned a level 1 spell: Summon Butterflies
 15896 | Lair:2   | Learned a level 5 spell: Summon Mana Viper
 16341 | Lair:3   | Found a frozen archway.
 16374 | Lair:3   | Reached skill level 1 in Hexes
 16390 | IceCv    | Entered an ice cave
 16410 | IceCv    | Reached XP level 12. HP: 110/113 MP: 7/25
 18530 | IceCv    | Got a translucent cloak
 19110 | Lair:3   | Found a staircase to the Swamp.
 19924 | Lair:4   | Found a hole to the Spider Nest.
 20841 | Lair:4   | Reached skill level 12 in Summonings
 21008 | Lair:4   | Reached skill level 5 in Hexes
 21636 | Lair:5   | Found a labyrinth entrance.
 21636 | Lair:5   | Noticed a four-headed hydra
 21640 | Lair:5   | Noticed Nessos
 21648 | Lair:5   | Killed a four-headed hydra
 21660 | Lair:5   | Killed Nessos
 21674 | Lab      | Entered a labyrinth
 22395 | Lab      | Identified the cursed +0 cloak of Peek-a-Boo {-Cast rF+
                  | Slay+2} (You found it in an ice cave)
 23048 | Lab      | Noticed a minotaur
 23071 | Lab      | Killed a minotaur
 23071 | Lab      | Reached XP level 13. HP: 119/119 MP: 1/26
 23226 | Lair:5   | Reached ***** piety under Hepliaklqana
 24661 | Lair:6   | Entered Level 6 of the Lair of Beasts
 24670 | Lair:6   | Learned a level 7 spell: Summon Hydra
 24707 | Lair:6   | Reached skill level 13 in Summonings
 25919 | Lair:6   | Noticed a dire elephant
 25982 | Lair:6   | Killed a dire elephant
 25984 | Lair:6   | Reached skill level 14 in Summonings
 26735 | Lair:6   | Found a staircase to the Slime Pits.
 28197 | D:11     | Identified a scroll of acquirement
 28422 | D:12     | Noticed Kirke
 28443 | D:12     | Killed Kirke
 28452 | D:12     | Found a staircase to the Orcish Mines.
 28479 | D:12     | Reached skill level 15 in Summonings
 28797 | D:12     | Reached XP level 14. HP: 128/128 MP: 27/27
 29424 | D:13     | Found a shattered altar of Ashenzari.
 29667 | D:13     | Noticed Frances
 29723 | D:13     | Killed Frances
 31873 | Orc:1    | Entered Level 1 of the Orcish Mines
 32386 | Orc:2    | Entered Level 2 of the Orcish Mines
 32470 | Orc:2    | Reached skill level 10 in Spellcasting
 32645 | Orc:2    | Found a staircase to the Elven Halls.
 33171 | Orc:2    | Noticed an orc warlord
 33179 | Orc:2    | Reached skill level 16 in Summonings
 33693 | Orc:2    | Noticed Maurice
 34127 | Orc:1    | Killed Maurice
 35009 | Orc:2    | Found Jutteot's Food Shoppe.
 35177 | Orc:2    | Found Ganobb's Antique Weapon Shoppe.
 35177 | Orc:2    | Found Qosupoze's General Store.
 35322 | Orc:2    | Killed an orc warlord
 35627 | Orc:2    | Found Pups's General Store.
 35631 | Orc:2    | Bought a potion of magic for 120 gold pieces
 35631 | Orc:2    | Bought a potion of might for 60 gold pieces
 35965 | D:14     | Found a portal to a secret trove of treasure.
 36284 | D:14     | Identified the +3 short sword of Uncertain Death {pierce,
                  | rN+}
 36571 | D:14     | Found a gate to the Vaults.
 36851 | D:14     | Reached XP level 15. HP: 43/134 MP: 19/31
 37518 | D:15     | Entered Level 15 of the Dungeon
 38154 | D:15     | Found a staircase to the Depths.
 38954 | Swamp:1  | Entered Level 1 of the Swamp
 39330 | Swamp:1  | Noticed a thorn hunter
 39348 | Swamp:1  | Killed a thorn hunter
 41867 | Swamp:2  | Reached skill level 10 in Ice Magic
 42224 | Swamp:2  | Reached skill level 1 in Invocations
 43076 | Swamp:3  | Reached ****** piety under Hepliaklqana
 43076 | Swamp:3  | Noticed a thorn hunter
 43081 | Swamp:3  | Killed a thorn hunter
 44623 | Swamp:3  | Reached skill level 5 in Invocations
 45222 | Swamp:4  | Entered Level 4 of the Swamp
 45246 | Swamp:4  | Reached XP level 16. HP: 26/152 MP: 10/33
 45657 | Swamp:4  | Noticed a thorn hunter
 46172 | Swamp:3  | HP: 7/153 [poison (poison gas)]
 46177 | Swamp:3  | HP: 7/153 [poison (poison gas)]
 46182 | Swamp:3  | HP: 7/153 [poison (poison gas)]
 47083 | Swamp:4  | Killed a thorn hunter
 47731 | Swamp:4  | Noticed the 27-headed Lernaean hydra
 47737 | Swamp:4  | Killed the 25-headed Lernaean hydra
 47819 | Swamp:4  | Got a decaying rune of Zot
 49163 | Spider:1 | Entered Level 1 of the Spider Nest
 49202 | Spider:1 | Reached skill level 10 in Invocations
 49299 | Spider:1 | Learned a level 2 spell: Blink
 49748 | Spider:1 | Reached skill level 15 in Fighting
 51153 | Spider:2 | Reached skill level 5 in Evocations
 53256 | Spider:3 | Noticed Louise
 53263 | Spider:2 | HP: 4/158 [wolf spider (5)]
 53264 | Spider:2 | Slain by a wolf spider

Vault maps used:
D:1:      onia_arrival_larder, minmay_misc_feat_tower, minmay_misc_feat_square,
          chequers_serial_rivers_small_3
D:2:      overflow_temple_1_default, uniq_sigmund
D:3:      minitemple
D:4:      ebering_ghost_sewer_d
D:5:      serial_shops, shop, first_ration, minivault_25, minmay_joined_circles
D:6:      lemuel_crystal_altar, serial_shops, shop_coins, uniq_blork_the_orc
D:7:      minmay_temple_entry_hall, basic_altar
D:8:      okawaru_ov_weapons_minmay, dpeg_lair_monsters, serial_gnoll_camp,
          gnoll_camp_mini_doghouse, gnoll_camp_mini_hut, gnoll_camp_mini_basic,
          grums_kennel, gnoll_camp_mini_shop
D:9:      lemuel_doored_altar, gammafunk_temple_overflow_claw, grunt_pizzeria,
          uniq_erica
D:10:     special_room, minmay_circle_x
D:12:     zombieorc2_lemuel, uniq_kirke
D:13:     ashenzari_altar_1, uniq_frances
D:14:     lightli_vaults_fourway_checkpoint, enter_trove_0,
          small_statue_intersection
D:15:     gammafunk_enter_depths_forms, fungi_pond_lemuel
Lair:1:   uniq_fannar
Lair:2:   minmay_lair_oklob_chamber, lemuel_fruit_tree, grunt_megastairs_2
Lair:3:   swamp_mist, portal_ice_cave_entry_pillars_2,
          chequers_serial_rivers_small_a, beast_lair_carwin_4
Lair:4:   nicolae_spider_entry_tight_spaces, special_room, minmay_holes
Lair:5:   lab_entry_generic, grunt_megastairs_4, uniq_nessos
Lair:6:   grunt_lair_end_beastmaster, minmay_slime_entry_oklob_enclosed
Swamp:1:  evilmike_swamp_ruin_house_2
Swamp:2:  evilmike_swamp_ruin_house_4, swamp_pool4
Swamp:3:  hangedman_swamp_pad
Swamp:4:  grunt_swamp_rune_castle
Spider:2: spider_trap
Spider:3: uniq_louise
Orc:1:    mines2_lemuel
Orc:2:    st_orc_open, uniq_maurice
Lab:      nicolae_lab_blocks, nicolae_lab_t_cross, lab_fountain,
          nicolae_lab_very_dead_end, labyrinth_skeletal_remains,
          nicolae_lab_grate
IceCv:    ice_cave_statue_garden_chambered

Skill      XL: |  1  2  3  4  5  6  7  8  9 10 11 12 13 14 15 16 |
---------------+-------------------------------------------------+-----
Fighting       | 1 2 3 4 5 7 9 10 13 15 | 15.0
Summonings     | 4 5 6 7 8 10 11 12 15 16 | 16.0
Spellcasting   | 3 4 5 6 8 9 12 13 | 13.0
Air Magic      | 2 3 5 |  5.0
Ice Magic      | 3 5 10 | 10.0
Dodging        | 3 4 |  4.5
Evocations     | 3 4 6 |  6.5
Hexes          | 1 6 7 |  7.0
Invocations    | 6 10 | 10.0
Stealth        | |  1.4

Action                   |  1- 3 |  4- 6 |  7- 9 | 10-12 | 13-15 | 16-18 || total
-------------------------+-------+-------+-------+-------+-------+-------++-------
Melee: Unarmed           |   192 |   158 |   170 |   270 |   163 |     6 ||   959
Throw: Stone             |       |     6 |       |       |       |       ||     6
       Tomahawk          |       |       |       |     1 |       |       ||     1
 Cast: Summon Small Mamm |    15 |       |     1 |       |     1 |       ||    17
       Call Imp          |     4 |    19 |    12 |       |       |       ||    35
       Call Canine Famil |       |    26 |    44 |     6 |       |       ||    76
       Summon Lightning  |       |       |    12 |   110 |   196 |    46 ||   364
       Summon Ice Beast  |       |       |     7 |   137 |   244 |   117 ||   505
       Summon Mana Viper |       |       |       |     2 |    15 |    10 ||    27
       Ozocubu's Armour  |       |       |       |     1 |     4 |       ||     5
       Summon Hydra      |       |       |       |       |    23 |    16 ||    39
       Blink             |       |       |       |       |       |     6 ||     6
Invok: Ancestor Identity |       |     1 |       |       |       |       ||     1
       Recall Ancestor   |       |       |     2 |     4 |     4 |     3 ||    13
       Ancestor Life: Kn |       |       |     1 |       |       |       ||     1
       Transference      |       |       |     1 |     1 |     3 |     1 ||     6
       Idealise          |       |       |       |     2 |     1 |     5 ||     8
Evoke: Wand              |       |       |     3 |     7 |     4 |     9 ||    23
       Phial of floods   |       |       |       |     1 |       |       ||     1
       Box of beasts     |       |       |       |       |     1 |     2 ||     3
  Use: Scroll            |       |     8 |     9 |    11 |    16 |     6 ||    50
       Potion            |       |       |     1 |     2 |     5 |     3 ||    11
 Stab: Sleeping          |     4 |     2 |     3 |       |       |       ||     9
       Distracted        |       |     1 |     1 |     5 |     1 |       ||     8
       Petrified         |       |       |       |       |     1 |       ||     1
  Eat: Chunk             |     4 |    10 |    12 |    32 |    58 |     4 ||   120
       Ration            |       |     1 |     2 |     9 |    11 |     9 ||    32
Armor: Robe              |    90 |    39 |    62 |   136 |   126 |     7 ||   460
       Swamp dragon scal |       |       |       |       |       |    96 ||    96
Dodge: Dodged            |   136 |   115 |   194 |   360 |   536 |   251 ||  1592

Table legend:
 A = Non-vault XP
 B = Vault XP
 C = Vault XP percentage of total XP
 D = Non-vault monster count
 E = Vault monster count
 F = Vault count percentage of total count
                 A         B        C        D         E       F
            +---------+---------+-------+---------+---------+-------
      Total |  123122 |   57415 |  31.8 |     861 |     277 |  24.3
            +---------+---------+-------+---------+---------+-------
        D:1 |      34 |       5 |  12.8 |      22 |       4 |  15.4
        D:2 |     137 |     110 |  44.5 |      22 |       1 |   4.3
        D:3 |     101 |       0 |   0.0 |      31 |       0 |   0.0
        D:4 |     362 |       0 |   0.0 |      28 |       0 |   0.0
        D:5 |     152 |       0 |   0.0 |      17 |       0 |   0.0
        D:6 |     829 |      89 |   9.7 |      31 |       1 |   3.1
        D:7 |    1282 |       0 |   0.0 |      25 |       0 |   0.0
        D:8 |    2093 |    2142 |  50.6 |      35 |      28 |  44.4
        D:9 |     655 |     568 |  46.4 |      21 |       2 |   8.7
       D:10 |    1128 |    1469 |  56.6 |      27 |      28 |  50.9
       D:11 |    2948 |       0 |   0.0 |      47 |       0 |   0.0
       D:12 |    1990 |    2109 |  51.5 |      25 |      32 |  56.1
       D:13 |    6851 |    1467 |  17.6 |      62 |       1 |   1.6
       D:14 |    7732 |    4078 |  34.5 |      49 |      12 |  19.7
       D:15 |    4939 |    1816 |  26.9 |      16 |      12 |  42.9
     Lair:1 |    2479 |     512 |  17.1 |      15 |       1 |   6.2
     Lair:2 |    1910 |    1159 |  37.8 |      13 |       7 |  35.0
     Lair:3 |    2837 |     451 |  13.7 |      15 |       8 |  34.8
     Lair:4 |    1611 |    3698 |  69.7 |      12 |      23 |  65.7
     Lair:5 |    3418 |    2178 |  38.9 |      18 |       6 |  25.0
     Lair:6 |    4380 |    7497 |  63.1 |      26 |      20 |  43.5
    Swamp:1 |   10491 |       0 |   0.0 |      38 |       0 |   0.0
    Swamp:2 |   10558 |       0 |   0.0 |      38 |       0 |   0.0
    Swamp:3 |   11465 |       0 |   0.0 |      60 |       0 |   0.0
    Swamp:4 |   16564 |   14184 |  46.1 |      57 |      33 |  36.7
   Spider:1 |   15447 |       0 |   0.0 |      48 |       0 |   0.0
   Spider:2 |    4586 |       0 |   0.0 |      21 |       0 |   0.0
   Spider:3 |    2922 |       0 |   0.0 |       7 |       0 |   0.0
      Orc:1 |     720 |    2122 |  74.7 |      14 |       9 |  39.1
      Orc:2 |    1870 |    8044 |  81.1 |      20 |      29 |  59.2
        Lab |     631 |    1434 |  69.4 |       1 |       9 |  90.0
      IceCv |       0 |    2283 | 100.0 |       0 |      11 | 100.0
            +---------+---------+-------+---------+---------+-------
